 Dungeon Crawl Stone Soup version 0.31-a0-667-g39726597b9 (webtiles) character file.

Game seed: 3305280566968637076

59 GeoRichter the Vexing (level 3, -1/20 HPs)
             Began as a Deep Elf Hexslinger on Sept 4, 2023.
             Slain by a goblin
             ... wielding a +0 dagger
              (4 damage)
             ... on level 3 of the Dungeon.
             The game lasted 00:03:26 (1869 turns).

GeoRichter the Vexing (Deep Elf Hexslinger)         Turns: 1869, Time: 00:03:27

Health: -1/20      AC:  2    Str:  7    XL:     3   Next: 78%
Magic:  7/7        EV: 13    Int: 17    God:
Gold:   64         SH:  0    Dex: 17    Spells: 4/5 levels left

rFire   . . .        l - +2 short sword (vamp)
rCold   . . .        (no shield)
rNeg    . . .        c - +0 robe
rPois   .            (no helmet)
rElec   .            (no cloak)
rCorr   .            (no gloves)
SInv    .            (no boots)
Will    .....        (no amulet)
Stlth   ++           (no ring)
HPRegen 0.23/turn    (no ring)
MPRegen 0.10/turn

%: no passive effects
@: mighty, lethally poisoned (-1 -> -3)
A: no striking features
a: no special abilities


You were on level 3 of the Dungeon.
You visited 1 branch of the dungeon, and saw 3 of its levels.

You collected 64 gold pieces.

Inventory:

Hand Weapons
 a - a +1 sling
 l - a +2 vampiric short sword (weapon)
Armour
 c - a +0 robe (worn)
 e - a +0 buckler
Jewellery
 k - an amulet of faith
Scrolls
 b - a scroll of poison
 d - a scroll of identify
 g - a scroll of brand weapon
Potions
 h - a potion of curing {unknown}
 i - a potion of lignification {unknown}
 j - a potion of ambrosia {unknown}


   Skills:
 + Level 0.7 Fighting
 * Level 3.8 Ranged Weapons
 - Level 2.4 Dodging
 - Level 1.5 Spellcasting
 - Level 5.7 Hexes


You had 4 spell levels left.
You knew the following spells:

 Your Spells              Type           Power      Damage    Failure   Level
a - Slow                  Hex            80%        N/A       1%          1

Your spell library contained the following spells:

 Spells                   Type           Power      Damage    Failure   Level
 Inner Flame              Hex/Fire       10%        N/A       19%         3
 Portal Projectile        Hex/Tloc       20%        N/A       19%         3
 Cause Fear               Hex            10%        N/A       19%         4
 Ozocubu's Armour         Ice            1%         N/A       52%         3
 Leda's Liquefaction      Hex/Erth       5%         N/A       54%         4
 Passage of Golubria      Tloc           1%         N/A       90%         4
 Silence                  Hex/Air        5%         N/A       87%         5
 Lee's Rapid Deconstruct  Erth           0%         3d4*      99%         5
 Leda's Unmaking          Conj/Erth      0%         9d1       100%        6
 Ozocubu's Refrigeration  Ice            0%         4d7       100%        7
 Lehudib's Crystal Spear  Conj/Erth      0%         10d2      100%        8


Dungeon Overview and Level Annotations

Branches:
Dungeon (3/15)

Altars:

Annotations:
D:3 Sigmund


Message History

Sigmund is wielding a +0 scythe and carrying a wand of flame.
Found a stone staircase leading down.
Sigmund shouts!
Sigmund zaps a wand.
The puff of flame hits you!
Ouch! That really hurt!
There is a stone staircase leading down here.
Unknown command.
Found 6 poisoned darts.
A rat comes into view.
A goblin comes into view. It is wielding a +0 dagger.
The goblin shouts!
The goblin barely misses you. The goblin attacks as it pursues you!
The goblin closely misses you.
Found a sling.
The goblin attacks as it pursues you! The goblin closely misses you.
An adder comes into view.
The adder hisses angrily.
A quokka comes into view.
The adder attacks as it pursues you! The adder bites you.
You are poisoned.
The adder poisons you!
You feel sick.
As you read the scroll labelled ZUUWUA IVUARGH, it crumbles to dust.
It is a scroll of identify.
g - a scroll of brand weapon You feel sick.
The goblin hits you with a +0 dagger.
As you read the scroll labelled QAESUV PAEDIZ, it crumbles to dust.
The creatures around you are filled with an inner flame!
It was a scroll of immolation.
You feel sick. The goblin closely misses you. The quokka barely misses you.
Okay, then.
It was a potion of might.
You feel very mighty all of a sudden.
You feel sick. The quokka bites you. The goblin barely misses you.
You feel a sense of dread.
l - a +2 vampiric short sword (weapon)
You feel sick. The quokka bites you.
* * * LOW HITPOINT WARNING * * *
The goblin hits you with a +0 dagger.
You die...

#. #. #. #. . #.######....
#.#.@r...... #.#g####.......# #.
#..S..##.......#####(
###.#.##.##.......##.
#.#.##.##.......##. ########
#)..@..##....##.#.. #......#
###.#.........#.#.. #.####.####
#.#..##..#..#.#..
####.##..[...####.......@........


You could see an adder (inner flame), a quokka (inner flame) and a goblin (inner
flame).

Vanquished Creatures
  2 adders (D:2)
  4 ball pythons (D:1)
  3 endoplasms
  A giant cockroach (D:2)
  5 goblins
  4 hobgoblins
  4 jackals (D:2)
  4 quokkas
  4 bats
  2 frilled lizards (D:2)
  2 kobolds (D:2)
  3 rats (D:1)
38 creatures vanquished.

Notes
Turn   | Place    | Note
-------+----------+-------------------------------------------
     0 | D:1      | GeoRichter the Deep Elf Hexslinger began the quest for the
                  | Orb.
     0 | D:1      | Reached XP level 1. HP: 11/11 MP: 5/5
   342 | D:1      | Reached XP level 2. HP: 16/16 MP: 6/6
   914 | D:2      | Reached skill level 5 in Hexes
  1132 | D:2      | Reached XP level 3. HP: 20/20 MP: 7/7
  1830 | D:3      | Noticed Sigmund
  1869 | D:3      | Slain by a goblin

Illustrated notes

Levels and vault maps discovered:
D:1:      saegor_arrival_simple_a, layout_loops_corners
D:2:      layout_basic
D:3:      minmay_spotlight, layout_loops_cross, uniq_ijyb, uniq_grinder,
          uniq_sigmund

Skill      XL: |  1  2 |
---------------+-------+-----
Ranged Weapons | 3 |  3.8
Hexes          | 5 |  5.7
Fighting       | |  0.7
Dodging        | |  2.4
Spellcasting   | |  1.5

Action                     || total
---------------------------++-------
   Fire: Sling             ||   105
   Cast: Slow              ||     8
    Use: Scroll            ||     2
         Potion            ||     1
 Armour: Robe              ||    42
  Dodge: Dodged            ||    65

Table legend: (Time is in decaauts)
 A = Elapsed time spent in this place.
 B = Non-inter-level travel time spent in this place.
 C = Inter-level travel time spent in this place.
 D = Time resting spent in this place.
 E = Time spent auto-exploring this place.
 F = Levels seen in this place.
 G = Mean time per level.
                   A        B        C        D        E       F      G
               +--------+--------+--------+--------+--------+-----+--------+
         Total |   1894 |   1776 |    118 |     25 |   1394 |   3 |  631.3 |
       Dungeon |   1894 |   1776 |    118 |     25 |   1394 |   3 |  631.3 |
               +--------+--------+--------+--------+--------+-----+--------+

Top non-repeatable levels by time:
     D:1: 935 daAuts
     D:2: 770 daAuts
     D:3: 188 daAuts
